 Dungeon Crawl Stone Soup version 0.25-a0-737-g26c3a87c45 (webtiles) character file.

Game seed: 13238918242464538842, levelgen mode: deterministic

64113 Esekla the Carver (level 15, -11/122 HPs)
             Began as a Barachi Warper on Apr 11, 2020.
             Was an Initiate of Gozag.
             Killed by divine providence
             ... invoked by an orc priest
              (12 damage)
             ... on level 2 of the Orcish Mines on Apr 12, 2020.
             The game lasted 04:49:19 (25082 turns).

Esekla the Carver (Barachi Warper)                 Turns: 25082, Time: 04:49:19

Health: -11/122    AC: 26    Str: 17    XL:     15   Next: 11%
Magic:  18/30      EV: 18    Int: 16    God:    Gozag
Gold:   5778       SH:  0    Dex: 14    Spells: 10/36 levels left

rFire    . . .     SeeInvis +   f - +3 falchion (flame)
rCold    + . .     Gourm    .   (no shield)
rNeg     . . .     Faith    .   L - +4 troll leather armour
rPois    +         Spirit   .   V - +0 helmet
rElec    .         Reflect  .   r - +2 cloak
rCorr    .         Harm     .   w - +2 pair of gloves
MR       +....                  t - +1 pair of boots
Stlth    +.........             (no amulet)
HPRegen  0.70/turn              a - ring of Bodily Harmony {rC+ Str+3 SInv}
MPRegen  0.22/turn              u - ring of poison resistance

@: icy armour, gold aura, can't hop, frozen ramparts, very slightly
contaminated, studying Evocations, slow
A: +LOS, swims, slowness 1, strong legs 2
a: Hop, Potion Petition, Call Merchant, Bribe Branch, Renounce Religion


You were on level 2 of the Orcish Mines.
You worshipped Gozag.
Gozag was greatly pleased with you.
You were hungry.

You visited 4 branches of the dungeon, and saw 21 of its levels.
You also visited: Bailey.

You collected 6157 gold pieces.
You spent 192 gold pieces at shops.
You paid 187 gold pieces to Gozag.

Inventory:

Hand Weapons
 e - a +3 dagger of electrocution
 f - a +3 falchion of flaming (weapon)
 k - a +2 spear
 m - a +2 falchion of freezing
 v - a +3 dagger of venom
 z - a +3 double sword
Missiles
 D - 8 silver boomerangs (quivered)
 H - 8 javelins
 I - 56 poisoned darts
 K - 5 boomerangs of dispersal
Armour
 q - a +0 robe of fire resistance
 r - a +2 cloak (worn)
 t - a +1 pair of boots (worn)
 w - a +2 pair of gloves (worn)
 A - the +3 leather armour "Unutifro" {rN+}
   (You found it on level 6 of the Dungeon)

   It protects you from negative energy.
 C - a scarf of repulsion
 G - a +0 buckler
 L - a +4 troll leather armour (worn)
 V - a +0 helmet (worn)
Jewellery
 a - the ring of Bodily Harmony (left hand) {rC+ Str+3 SInv}
   (You found it on level 1 of the Lair of Beasts)

   [ring of protection from cold]

   It affects your strength (+3).
   It protects you from cold.
   It lets you see invisible.
 b - an uncursed ring of protection from fire
 h - an uncursed ring of protection from magic
 p - an uncursed ring of protection from magic
 u - a ring of poison resistance (right hand)
 F - an uncursed ring of protection from cold
Wands
 i - a wand of acid (12)
 N - a wand of flame (55)
 O - a wand of clouds (3)
 X - a wand of iceblast (9)
 Y - a wand of digging (6)
Scrolls
 d - 2 scrolls of blinking
 x - a scroll of fog
 y - 7 scrolls of teleportation
 E - 4 scrolls of remove curse
 P - 3 scrolls of identify
 R - 4 scrolls of magic mapping
 Z - a scroll of silence
Potions
 c - 3 potions of haste
 g - 8 potions of ambrosia
 j - 9 potions of curing
 o - a potion of magic
 s - 2 potions of invisibility
 B - 3 potions of flight
 J - a potion of lignification
 Q - 2 potions of cancellation
 S - a potion of might
 T - 2 potions of resistance
 U - 2 potions of brilliance
Books
 l - a manual of Evocations
Comestibles
 M - 30 rations


   Skills:
 + Level 12.6 Fighting
 - Level 7.6(11.1) Short Blades
 + Level 13.7(14.5) Long Blades
 + Level 5.4 Throwing
 + Level 6.1 Armour
 + Level 9.6 Dodging
 * Level 2.8 Shields
 * Level 11.0 Spellcasting
 * Level 5.3 Conjurations
 + Level 5.3 Charms
 - Level 4.4 Translocations
 * Level 0.5 Fire Magic
 + Level 9.8 Ice Magic
 * Level 5.6 Air Magic
 * Level 4.5 Evocations


You had 10 spell levels left.
You knew the following spells:

 Your Spells              Type           Power        Failure   Level  Hunger
a - Airstrike             Air            ####......   10%         4    ###....
b - Blink                 Tloc           N/A          2%          2    None
f - Fireball              Conj/Fire      ###.......   63%         5    #####..
g - Shroud of Golubria    Chrm/Tloc      ###...       1%          2    None
l - Lightning Bolt        Conj/Air       ####......   28%         5    #####..
r - Frozen Ramparts       Ice            #####.       1%          3    None
s - Song of Slaying       Chrm           ####....     1%          2    None
z - Ozocubu's Armour      Chrm/Ice       ####....     1%          3    None

Your spell library contained the following spells:

 Spells                   Type           Power        Failure   Level  Hunger
 Freeze                   Ice            ####         1%          1    None
 Infusion                 Chrm           ####         1%          1    None
 Shock                    Conj/Air       ####         1%          1    None
 Swiftness                Chrm/Air       ####....     1%          2    None
 Static Discharge         Conj/Air       ####....     3%          3    None
 Gell's Gravitas          Tloc           ###.......   4%          3    None
 Lesser Beckoning         Tloc           ###.......   4%          3    None
 Teleport Other           Tloc           ###.....     4%          3    None
 Hailstorm                Conj/Ice       ####....     4%          4    ###....
 Spectral Weapon          Hex/Chrm       ###.....     10%         3    None
 Summon Ice Beast         Ice/Summ       ###.....     13%         4    ###....
 Passage of Golubria      Tloc           N/A          16%         4    ###....
 Ignite Poison            Fire/Tmut/Pois #.......     26%         3    None
 Starburst                Conj/Fire      ###.......   99%         6    ######.
 Ring of Flames           Chrm/Fire      ###.......   100%        7    #######
 Ignition                 Fire           ##........   100%        8    #######


Dungeon Overview and Level Annotations

Branches:
Dungeon (12/15)            Temple (1/1) D:4            Lair (6/6) D:9
 Shoals (0/4) Lair:2        Snake (0/4) Lair:4        Slime (0/5) Lair:6
    Orc (2/2) D:11            Elf (0/3) Orc:2        Bailey (visited)

Altars:
Ashenzari
Cheibriados
Dithmenos
Elyvilon
Fedhas
Gozag
Hepliaklqana
Kikubaaqudgha
Makhleb
Nemelex Xobeh
Okawaru
Qazlal
Ru
Sif Muna
Trog
Uskayaw
Vehumet
Wu Jian
Xom
Yredelemnul
Zin
The Shining One
Beogh

Shops:
D:5 *

Annotations:
Lair:1 exclusion: 2 oklob plants
Orc:1 2 transporters, Esekla's ghost, journeyman BaWr
Orc:2 Snorg


Innate Abilities, Weirdness & Mutations

You can be seen from farther away. (+LOS)
You can swim through water.
You cover ground slowly.
You can hop long distances.


Message History

The orc wizard casts a spell.
The orc wizard flickers and vanishes for a moment.
The wall freezes the orc priest!
Casting: Frozen Ramparts (safe; 1% risk of failure)
Confirm with . or Enter, or press ? or * to list all spells.
You blink.
The wall freezes Snorg.
Snorg closely misses you. x2
Snorg claws you.
* * * LOW HITPOINT WARNING * * *
The wall freezes the orc high priest.
The wall freezes the orc warrior!
You kill the orc warrior!
The wall freezes Snorg.
Snorg bites you!
* * * LOW HITPOINT WARNING * * *
Snorg claws you!
* * * LOW HITPOINT WARNING * * *
Snorg claws you!
* * * LOW HITPOINT WARNING * * *
The orc priest invokes the aid of Beogh against you.
Beogh smites you!
You die...
Your body crumbles into a pile of gold.

..#
#.#
#.#
#.#
#.#
#.#
#o#
#.#
#@#
#T#
#ยง#
#$#
#o#
#o# ##
#o#
...
##o##
....
#ooo##


You could see Snorg (berserk), 2 orc high priests, 3 orc priests, an orc wizard
(invisible) and 2 orcs.

Vanquished Creatures
  An orc warlord (Orc:1)
  The ghost of Ulumiabe the Cleaver, a journeyman OpBe of Trog (Lair:2)
  4 hydras
  Harold (D:10)
  3 catoblepae (Lair:6)
  4 two-headed ogres
  13 death yaks
  Urug (Lair:5)
  Pikel (D:4)
  3 orc knights (Bailey)
  An ugly thing (D:11)
  4 orc sorcerers (Orc:1)
  3 manticores
  2 black mambas
  7 elephants
  Psyche (D:9)
  A guardian serpent (Lair:4)
  9 spiny frogs
  A centaur skeleton (D:12)
  A gargoyle (D:11)
  A rime drake (Lair:4)
  12 komodo dragons
  5 trolls
  3 hornets (Lair:2)
  A queen bee (Lair:2)
  4 slime creatures (D:12)
  8 hippogriffs
  8 dream sheep
  10 blink frogs
  A wyvern (D:11)
  2 wraiths (D:12)
  51 yaks
  3 basilisks
  A hungry ghost (D:7)
  2 wargs
  14 water moccasins
  9 porcupines
  2 ice beasts
  26 orc warriors
  2 eyes of draining
  3 slaves
  A black bear (D:11)
  18 ogres
  3 sky beasts
  Purgy (D:4)
  A necrophage (D:11)
  6 wolves (Lair:1)
  3 phantoms
  7 centaurs
  19 crocodiles
  6 big kobolds
  4 bullfrogs
  A wyvern zombie (D:10)
  A wyvern skeleton (D:12)
  17 killer bees
  5 scorpions
  3 wights (D:9)
  3 electric eels (D:12)
  A howler monkey (D:5)
  4 bullfrog zombies
  8 crimson imps
  A centaur zombie (D:7)
  A gnoll shaman (D:8)
  5 hounds
  2 jellies
  A quasit (D:8)
  29 orc priests
  29 orc wizards
  A bullfrog skeleton (D:11)
  Natasha (thrice) (D:4)
  2 iguanas
  5 hell rats (Lair:6)
  3 worker ants
  2 hound skeletons
  A hound zombie (D:8)
  12 gnolls
  6 river rats (Lair:6)
  11 adders
  2 shadow imps
  An ooze (D:5)
  2 adder zombies
  3 adder skeletons
  5 worms
  4 leopard geckos
  104 orcs
  A ball python (D:5)
  7 giant cockroaches
  16 goblins
  10 hobgoblins
  5 jackals
  42 kobolds
  8 quokkas
  8 bats
  6 frilled lizards
  2 leopard gecko skeletons
  12 rats
694 creatures vanquished.

Vanquished Creatures (others)
  7 fungi
  13 plants
20 creatures vanquished.

Grand Total: 714 creatures vanquished

Notes
Turn   | Place    | Note
-------+----------+-------------------------------------------
     0 | D:1      | Esekla the Barachi Warper began the quest for the Orb.
     0 | D:1      | Reached XP level 1. HP: 17/17 MP: 3/3
   129 | D:1      | Reached XP level 2. HP: 14/23 MP: 5/5
   130 | D:1      | Reached skill level 3 in Long Blades
   370 | D:1      | Learned a level 2 spell: Shroud of Golubria
   373 | D:1      | Learned a level 2 spell: Blink
   881 | D:2      | Reached XP level 3. HP: 29/29 MP: 4/6
  1350 | D:3      | Reached XP level 4. HP: 35/35 MP: 4/7
  2332 | D:3      | Reached XP level 5. HP: 21/41 MP: 8/8
  2652 | D:3      | Found a burning altar of Makhleb.
  2753 | D:3      | Reached skill level 1 in Short Blades
  3224 | D:3      | Reached XP level 6. HP: 48/48 MP: 9/9
  3297 | D:4      | Noticed Natasha
  3305 | D:4      | Killed Natasha
  3390 | D:4      | Found a staircase to the Ecumenical Temple.
  3615 | D:4      | Reached skill level 4 in Long Blades
  3638 | Temple   | Entered the Ecumenical Temple
  3798 | D:4      | Noticed Natasha
  3815 | D:4      | Killed Natasha
  3889 | D:4      | Reached XP level 7. HP: 54/54 MP: 11/11
  3939 | D:4      | Noticed Purgy
  3952 | D:4      | Killed Purgy
  4082 | D:4      | Noticed Pikel
  4159 | D:4      | Noticed Natasha
  4170 | D:4      | Killed Natasha
  4329 | D:4      | Killed Pikel
  4329 | D:4      | Reached skill level 5 in Fighting
  4329 | D:4      | Reached skill level 5 in Long Blades
  4329 | D:4      | Reached XP level 8. HP: 62/62 MP: 12/12
  4523 | D:5      | Entered Level 5 of the Dungeon
  4676 | D:5      | Found a white marble altar of Elyvilon.
  5038 | D:5      | Reached skill level 6 in Long Blades
  5197 | D:5      | Found Rylax's Assorted Antiques.
  5211 | D:5      | Bought a scroll labeled BOESTR XABRETAU for 32 gold pieces
  5269 | D:5      | Reached skill level 5 in Short Blades
  5269 | D:5      | Reached skill level 1 in Charms
  5320 | D:5      | Became a worshipper of Elyvilon the Healer
  5399 | D:6      | Reached skill level 7 in Long Blades
  5434 | D:5      | Reached skill level 5 in Dodging
  5434 | D:5      | Reached XP level 9. HP: 23/69 MP: 11/13
  5811 | D:6      | Got a distressingly furry leather armour
  5916 | D:5      | Identified the +3 leather armour "Unutifro" {rN+} (You
                  | found it on level 6 of the Dungeon)
  6504 | D:7      | Found an opulent altar of Gozag.
  6574 | D:7      | Reached * piety under Elyvilon
  6582 | D:7      | Found a flagged portal.
  6700 | Bailey   | Entered a bailey
  6706 | Bailey   | Noticed an orc knight
  6706 | Bailey   | Noticed an orc knight
  7060 | Bailey   | Noticed an orc knight
  7170 | Bailey   | Reached skill level 8 in Long Blades
  7458 | Bailey   | Killed an orc knight
  7458 | Bailey   | Reached XP level 10. HP: 79/79 MP: 15/15
  7481 | Bailey   | Killed an orc knight
  7598 | Bailey   | Killed an orc knight
  8189 | D:7      | Found a snail-covered altar of Cheibriados.
  8235 | D:7      | Reached skill level 5 in Armour
  8260 | D:7      | Found a shattered altar of Ashenzari.
  8418 | D:7      | Reached ** piety under Elyvilon
  8573 | D:8      | Found a basalt altar of Yredelemnul.
  8715 | D:8      | Reached skill level 9 in Long Blades
  8894 | D:8      | Found a shimmering altar of Xom.
  9185 | D:8      | Found a stormy altar of Qazlal.
  9225 | D:8      | Reached *** piety under Elyvilon
  9756 | D:8      | Found an ancient bone altar of Kikubaaqudgha.
 10040 | D:8      | Noticed a three-headed hydra
 10049 | D:8      | Killed a three-headed hydra
 10049 | D:8      | Reached XP level 11. HP: 75/89 MP: 15/17
 10404 | D:9      | Found a staircase to the Lair.
 11044 | D:9      | Reached skill level 10 in Fighting
 11044 | D:9      | Reached skill level 10 in Long Blades
 11178 | D:9      | Noticed a two-headed ogre
 11192 | D:9      | Killed a two-headed ogre
 11226 | D:9      | Noticed Psyche
 11234 | D:9      | Killed Psyche
 11282 | D:9      | Found a bloodstained altar of Trog.
 11324 | D:9      | Reached **** piety under Elyvilon
 11545 | D:7      | Fell from the grace of Elyvilon
 11545 | D:7      | Became a worshipper of Gozag Ym Sagoz the Greedy
 11605 | D:10     | Entered Level 10 of the Dungeon
 11743 | D:10     | Noticed Harold
 11755 | D:9      | Learned a level 3 spell: Ozocubu's Armour
 11759 | D:9      | Learned a level 3 spell: Frozen Ramparts
 11794 | Lair:1   | Entered Level 1 of the Lair of Beasts
 11934 | Lair:1   | Reached skill level 1 in Ice Magic
 12318 | Lair:1   | Noticed an oklob plant
 12318 | Lair:1   | Noticed an oklob plant
 12322 | Lair:1   | Got a glittering platinum ring
 12325 | Lair:1   | Identified the ring of Bodily Harmony {rC+ Str+3 SInv} (You
                  | found it on level 1 of the Lair of Beasts)
 12427 | Lair:1   | Reached skill level 11 in Long Blades
 12428 | Lair:1   | Reached XP level 12. HP: 95/100 MP: 5/19
 12486 | Lair:1   | Reached skill level 5 in Spellcasting
 13052 | Lair:1   | You fall into a shaft and drop 1 floor!
 13113 | Lair:2   | Reached skill level 5 in Ice Magic
 13469 | Lair:2   | Noticed a seven-headed hydra
 13486 | Lair:2   | Killed a two-headed hydra
 13688 | Lair:2   | Found a staircase to the Shoals.
 14166 | Lair:2   | Reached skill level 12 in Long Blades
 14235 | Lair:2   | Noticed Ulumiabe's ghost (journeyman OpBe)
 14305 | Lair:2   | Found a transporter.
 14308 | Lair:2   | Found a transporter.
 15138 | Lair:3   | Noticed a five-headed hydra
 15151 | Lair:3   | Killed a one-headed hydra
 15369 | Lair:3   | Gained mutation: You can hop long distances. [Barachi
                  | growth]
 15369 | Lair:3   | Reached XP level 13. HP: 101/107 MP: 19/23
 15940 | Lair:4   | Learned a level 2 spell: Song of Slaying
 16122 | Lair:4   | Found a staircase to the Snake Pit.
 16502 | Lair:4   | Got a fine war axe
 16517 | Lair:4   | Identified the +2 war axe "Rokuk" {protect, rElec} (You
                  | found it on level 4 of the Lair of Beasts)
 16861 | Lair:5   | Learned a level 4 spell: Airstrike
 16867 | Lair:5   | Learned a level 5 spell: Lightning Bolt
 17055 | Lair:5   | Noticed Urug
 17082 | Lair:5   | Killed Urug
 17082 | Lair:5   | Reached skill level 1 in Conjurations
 17446 | Lair:6   | Entered Level 6 of the Lair of Beasts
 17570 | Lair:6   | Reached skill level 1 in Air Magic
 18423 | Lair:6   | Reached skill level 13 in Long Blades
 19002 | Lair:6   | Found a staircase to the Slime Pits.
 19095 | Lair:6   | Reached XP level 14. HP: 76/115 MP: 19/27
 19198 | Lair:6   | Reached skill level 5 in Throwing
 19965 | Lair:2   | Killed Ulumiabe's ghost
 19965 | Lair:2   | Reached skill level 10 in Spellcasting
 20153 | D:5      | Bought a worn gold wand for 128 gold pieces
 20153 | D:5      | Bought a wand of flame (9) for 32 gold pieces
 20263 | D:10     | Killed Harold
 20263 | D:10     | Reached skill level 1 in Shields
 20472 | D:10     | Reached skill level 5 in Charms
 20863 | D:11     | Reached skill level 1 in Evocations
 20892 | D:11     | Found an opulent altar of Gozag.
 21098 | D:11     | Found a staircase to the Orcish Mines.
 21371 | D:11     | Got an encrusted ring mail
 21951 | D:11     | Identified the +3 ring mail of Odeunosegh {Slay+3 SInv}
                  | (You found it on level 11 of the Dungeon)
 22758 | D:12     | Reached skill level 5 in Air Magic
 23444 | Orc:1    | Entered Level 1 of the Orcish Mines
 23557 | Orc:1    | Noticed Esekla's ghost (journeyman BaWr)
 23568 | Orc:1    | Found a transporter.
 23782 | Orc:1    | Found a transporter.
 24110 | Orc:1    | Noticed an orc warlord
 24161 | Orc:1    | Reached XP level 15. HP: 68/122 MP: 12/29
 24167 | Orc:1    | Killed an orc warlord
 24167 | Orc:1    | Reached skill level 5 in Conjurations
 24333 | Orc:1    | Learned a level 5 spell: Fireball
 24350 | Orc:1    | Found a roughly hewn altar of Beogh.
 24498 | Orc:2    | Entered Level 2 of the Orcish Mines
 24736 | Orc:2    | Found a staircase to the Elven Halls.
 25074 | Orc:2    | Noticed Snorg
 25082 | Orc:2    | HP: 1/122 [Snorg (9)]
 25082 | Orc:2    | Killed from afar by an orc priest

Levels and vault maps discovered:
D:1:      dpeg_arrival_stonehenge_8_columns, layout_loops_corners,
          minmay_ruptured
D:2:      wander_river, layout_loops_cross
D:3:      layout_loops_cross, old_standard_altar
D:4:      minmay_opposing_rooms, layout_basic, minmay_temple_entry_junction_2,
          uniq_natasha, uniq_pikel, uniq_purgy
D:5:      layout_rooms, overflow_temple_1_default, first_ration, serial_shops,
          nicolae_shop_overgrown_old_shop
D:6:      layout_rooms
D:7:      layout_rooms, evilmike_ruin_ashenzari, nicolae_overflow_crystal_walls,
          nicolae_gozag_cash_rules_everything_around_me, enter_bailey_3
D:8:      layout_basic, grunt_temple_overflow_open, lemuel_doored_altar,
          basic_altar, hangedman_ranch [blue_anna_fruit_fields]
D:9:      layout_stronghold, kennysheep_mini_moat, david_lair_generic,
          grunt_decor_mini_mirrors, uniq_psyche
D:10:     layout_gridville, nrook_campfire, uniq_harold
D:11:     layout_irregular_city, hiddenorc2_lemuel, basic_altar
D:12:     layout_basic, kennysheep_generic_room_2
Temple:   cyrus_circular_temple
Lair:1:   layout_hall_layers, minmay_lair_oklob_chamber, grunt_megastairs_1
Lair:2:   layout_chaotic_city, minmay_shoals_entry_centaurs,
          gammafunk_ghost_hive, beast_lair_carwin_4
Lair:3:   layout_regular_city, lemuel_fruit_fields
Lair:4:   layout_cave_pods, minmay_snake_entry_spellcaster
Lair:5:   layout_roguey, uniq_urug
Lair:6:   evilmike_catoblepas_cave, layout_long_grid, dpeg_slime_entry_corner,
          kennysheep_abandoned_house
Orc:1:    layout_caves, gammafunk_ghost_stat_death, basic_altar
Orc:2:    st_orc_mages, layout_diamond_mine, uniq_snorg, uniq_rupert

Skill      XL: |  1  2  3  4  5  6  7  8  9 10 11 12 13 14 15 |
---------------+----------------------------------------------+-----
Long Blades    | 3 4 5 7 8 9 11 12 13 | 13.7
Fighting       | 3 4 5 6 7 9 11 12 | 12.6
Armour         | 2 3 4 5 6 |  6.1
Dodging        | 3 4 5 6 7 8 9 |  9.6
Short Blades   | 1 2 4 5 6 7 |  7.6
Throwing       | 2 3 4 5 |  5.4
Spellcasting   | 3 4 6 9 10 11 | 11.0
Charms         | 1 2 3 4 5 |  5.3
Translocations | 4 |  4.4
Ice Magic      | 3 7 9 |  9.8
Conjurations   | 3 4 5 |  5.3
Air Magic      | 3 5 |  5.6
Shields        | 2 |  2.8
Evocations     | 4 |  4.5
Fire Magic     | |  0.5

Action                   |  1- 3 |  4- 6 |  7- 9 | 10-12 | 13-15 || total
-------------------------+-------+-------+-------+-------+-------++-------
Melee: Falchion          |    57 |       |    56 |   373 |   878 ||  1364
       Dagger            |    52 |   177 |   427 |   391 |   107 ||  1154
       Spear             |       |       |       |     2 |       ||     2
Throw: Dart              |       |     5 |     8 |    13 |    19 ||    45
       Boomerang         |       |       |    36 |   129 |   107 ||   272
       Javelin           |       |       |       |       |     8 ||     8
 Cast: Shroud of Golubri |     6 |     2 |    10 |     6 |     3 ||    27
       Blink             |       |     1 |     7 |     9 |     1 ||    18
       Frozen Ramparts   |       |       |       |    35 |    79 ||   114
       Ozocubu's Armour  |       |       |       |    32 |    75 ||   107
       Song of Slaying   |       |       |       |       |    23 ||    23
       Airstrike         |       |       |       |       |     9 ||     9
Invok: Lesser Healing    |       |       |       |     2 |       ||     2
 Abil: Hop               |       |       |     1 |     3 |     5 ||     9
Evoke: Tin of tremorston |       |       |       |       |     2 ||     2
       Wand              |       |       |       |       |     1 ||     1
  Use: Scroll            |       |     9 |     5 |    12 |    13 ||    39
       Potion            |       |       |     4 |     2 |     6 ||    12
 Stab: Sleeping          |       |       |       |     2 |       ||     2
       Distracted        |       |       |       |       |     8 ||     8
  Eat: Chunk             |     2 |     9 |    10 |    10 |       ||    31
       Ration            |       |       |     2 |     7 |    11 ||    20
Armor: Leather armour    |    27 |    49 |   133 |   106 |       ||   315
       Skin              |       |       |     5 |     9 |       ||    14
       Troll leather arm |       |       |       |   131 |   276 ||   407
       Robe              |       |       |       |       |     5 ||     5
       Ring mail         |       |       |       |       |     2 ||     2
Dodge: Dodged            |    72 |   126 |   282 |   488 |   617 ||  1585
       Rpst.: Falchion   |    13 |       |    17 |    66 |   163 ||   259

Table legend:
 A = Non-vault XP
 B = Vault XP
 C = Vault XP percentage of total XP
 D = Non-vault monster count
 E = Vault monster count
 F = Vault count percentage of total count
                 A         B        C        D         E       F
            +---------+---------+-------+---------+---------+-------
      Total |   62710 |   28881 |  31.5 |     522 |     169 |  24.5
            +---------+---------+-------+---------+---------+-------
        D:1 |      38 |       6 |  13.6 |      23 |       4 |  14.8
        D:2 |      71 |       0 |   0.0 |      23 |       0 |   0.0
        D:3 |     244 |       0 |   0.0 |      33 |       0 |   0.0
        D:4 |     252 |     818 |  76.4 |       9 |       8 |  47.1
        D:5 |    1116 |       0 |   0.0 |      31 |       0 |   0.0
        D:6 |     611 |       0 |   0.0 |      14 |       0 |   0.0
        D:7 |     878 |       7 |   0.8 |      25 |       4 |  13.8
        D:8 |     840 |    2212 |  72.5 |      26 |       8 |  23.5
        D:9 |    2954 |    1324 |  30.9 |      26 |       5 |  16.1
       D:10 |    1541 |     997 |  39.3 |      20 |       1 |   4.8
       D:11 |    7589 |     899 |  10.6 |      45 |      32 |  41.6
       D:12 |    4522 |     122 |   2.6 |      41 |       1 |   2.4
     Lair:1 |    5134 |    1274 |  19.9 |      28 |       6 |  17.6
     Lair:2 |    6578 |    4189 |  38.9 |      21 |      21 |  50.0
     Lair:3 |    2759 |       0 |   0.0 |       8 |       0 |   0.0
     Lair:4 |    4979 |     421 |   7.8 |      20 |       1 |   4.8
     Lair:5 |    4139 |     819 |  16.5 |      17 |       1 |   5.6
     Lair:6 |   10586 |   12778 |  54.7 |      27 |      39 |  59.1
      Orc:1 |    6488 |       0 |   0.0 |      67 |       0 |   0.0
      Orc:2 |    1391 |     451 |  24.5 |      18 |      11 |  37.9
     Bailey |       0 |    2564 | 100.0 |       0 |      27 | 100.0
            +---------+---------+-------+---------+---------+-------
